 Dungeon Crawl Stone Soup version 0.31.0 (webtiles) character file.

Game seed: 5067987972765185075

5814 qw the Skirmisher (level 10, -3/64 HPs)
             Began as a Gargoyle Hunter on Jan 19, 2024.
             Was a Believer of Okawaru.
             Slain by a death yak (12 damage)
             ... on level 1 of the Lair of Beasts.
             The game lasted 00:00:54 (8268 turns).

qw the Skirmisher (Gargoyle Hunter)                 Turns: 8268, Time: 00:00:55

Health: -3/64      AC: 27    Str: 14    XL:     10   Next: 79%
Magic:  11/13      EV: 15    Int: 11    God:    Okawaru [**....]
Gold:   193        SH:  0    Dex: 17    Spells: 9/9 levels left

rFire   + . .        a - +0 shortbow
rCold   . . .        (shield currently unavailable)
rNeg    + . .        k - +4 ring mail {rF+}
rPois   inf          b - +0 helmet
rElec   +            g - +2 cloak
rCorr   .            d - +0 pair of gloves
SInv    .            m - +1 pair of boots {rampage}
Will    .....        i - amulet of the acrobat
Stlth   +++          (no ring)
HPRegen 0.30/turn    (no ring)
MPRegen 0.13/turn

%: acrobat, rampage
@: heroic
A: sickness immunity, AC +7, negative energy resistance 1, electricity
resistance, torment resistance 1, petrification resistance
a: Renounce Religion, Heroism


You were on level 1 of the Lair of Beasts.
You worshipped Okawaru.
Okawaru was pleased with you.
You visited 3 branches of the dungeon, and saw 11 of its levels.

You collected 529 gold pieces.
You spent 336 gold pieces at shops.


Innate Abilities, Weirdness & Mutations

You are immune to sickness and miasma.
Your stone body is resilient. (AC +7)
You are immune to poison.
You resist negative energy. (rN+)
You are resistant to electric shocks. (rElec)
You are resistant to unholy torment.
You are immune to petrification.


   Skills:
 - Level 8.1(13.1) Fighting
 + Level 12.5(17.5) Ranged Weapons
 - Level 5.3(10.3) Armour
 - Level 4.0(9.0) Dodging
 - Level 1.1(6.1) Stealth
 - Level 4.0 Invocations


You had 9 spell levels left.
You didn't know any spells.
Your spell library was empty.

Inventory:

Hand Weapons
 a - a +0 shortbow (weapon)
Armour
 b - a +0 helmet (worn)
 d - a +0 pair of gloves (worn)
 g - a +2 cloak (worn)
 k - a +4 ring mail of fire resistance (worn)
 m - a +1 pair of boots of rampaging (worn)
Jewellery
 i - an amulet of the acrobat (around neck)
Wands
 h - a wand of digging (2)
 j - a wand of charming (11)
Potions
 e - 2 potions of mutation
 f - 7 potions of curing
 o - a potion of might

Dungeon Overview and Level Annotations

Branches:
Dungeon (9/15)             Temple (1/1) D:7            Lair (1/5) D:9
    Orc: D:9-12

Altars:
Ashenzari
Cheibriados
Dithmenos
Fedhas
Gozag
Hepliaklqana
Kikubaaqudgha
Makhleb
Nemelex Xobeh
Okawaru
Qazlal
Ru
Sif Muna
Uskayaw
Vehumet
Wu Jian
Xom
Yredelemnul
Zin
The Shining One

Shops:
D:3 !   D:9 [


Message History

You shoot an arrow.
The arrow hits the death yak but does no damage.
The death yak is moderately wounded.
Enter note:
8260 ||| RETREEEEATING.
The death yak attacks as it pursues you!
The death yak closely misses you.
You shoot an arrow. The arrow hits the death yak.
The death yak is moderately wounded.
You hear a bellow! x2
The death yak gores you but does no damage.
You hear a bellow!
You shoot an arrow. The arrow hits the death yak.
The death yak is moderately wounded.
You hear a bellow!
The death yak gores you but does no damage.
You shoot an arrow. The arrow hits the death yak.
The death yak is heavily wounded.
The death yak gores you but does no damage.
You shoot an arrow.
The arrow hits the death yak but does no damage.
The death yak is heavily wounded.
You feel like a meek peon again. The death yak gores you!!
8265 ||| INVOKING Heroism.
You gain the combat prowess of a mighty hero.
A death yak comes into view.
The death yak gores you!
You shoot an arrow. The arrow hits the death yak!
The death yak is heavily wounded.
You hear a bellow!
You shoot an arrow.
The arrow hits the death yak but does no damage.
The death yak is heavily wounded.
The death yak gores you!
A death yak comes into view.
You shoot an arrow. The arrow hits the death yak!
The death yak is severely wounded.
The death yak gores you!
You die...

......%...........
..............>...
.................. #
########..........
#.##.#####..........
#.......P#..#....###
#........<%..#...#
#.......##..#.......
........@YY.##......
#.......##Y.##......
##########.YP# .....
#######.###..## ....
.............# ###
...........Y.#
.....Y......##
.........Y.##
.......!...#


You could see 4 death yaks.

Vanquished Creatures
  An elephant (Lair:1)
  4 dream sheep (D:7)
  A wyvern (D:9)
  4 vampire mosquitoes (D:8)
  7 yaks
  2 water moccasins (D:7)
  2 black bears
  An orc warrior (D:9)
  A centaur (D:8)
  3 wolves (Lair:1)
  2 ogres (D:5)
  A kobold brigand (D:8)
  3 bullfrogs
  2 scorpions
  3 gnoll sergeants
  8 killer bees
  3 howler monkeys
  2 electric eels (D:9)
  2 bombardier beetles
  A hound (D:5)
  4 gnoll boudas
  3 jellies
  3 orc priests
  4 orc wizards (D:9)
  3 iguanas
  A sleepcap (D:5)
  23 gnolls
  9 adders
  4 shadow imps
  2 white imps
  3 dart slugs
  9 orcs
  6 ball pythons
  3 bats
  4 endoplasms
  5 giant cockroaches
  6 goblins
  5 hobgoblins
  3 jackals (D:4)
  11 kobolds
  6 quokkas
  2 frilled lizards (D:1)
  9 rats
181 creatures vanquished.

Vanquished Creatures (others)
  A kobold brigand (D:9)
1 creature vanquished.

Grand Total: 182 creatures vanquished

Notes
Turn   | Place    | Note
-------+----------+-------------------------------------------
     0 | D:1      | qw the Gargoyle Hunter began the quest for the Orb.
     0 | D:1      | Reached XP level 1. HP: 12/12 MP: 1/1
     0 | D:1      | 0 ||| qw: Version: 0.3-a-132-g3d54051
     0 | D:1      | 0 ||| qw: Game counter: 148
     0 | D:1      | 0 ||| qw: Melee chars always use a shield: true
     0 | D:1      | 0 ||| qw: God list: Okawaru
     0 | D:1      | 0 ||| qw: Allow faded altars: false
     0 | D:1      | 0 ||| qw: Do Orc after clearing Dungeon:15 true
     0 | D:1      | 0 ||| qw: Do second Lair branch before Depths: true
     0 | D:1      | 0 ||| qw: Lair rune preference: random
     0 | D:1      | 0 ||| qw: Goals: Normal
     0 | D:1      | 0 ||| PLANNING D:1-11
    68 | D:1      | Reached XP level 2. HP: 17/17 MP: 2/2
   123 | D:1      | Found a faded altar of an unknown god.
   408 | D:1      | Reached XP level 3. HP: 21/21 MP: 3/3
   600 | D:1      | 600 ||| READING 2 scrolls labelled REJAXT ATIA.
   600 | D:1      | 600 ||| IDENTIFYING scroll labelled SORESMA ATYREC
   601 | D:1      | 601 ||| READING scroll of identify.
   601 | D:1      | 601 ||| IDENTIFYING 2 scrolls labelled SESCHE QOFAPNE
   602 | D:1      | 602 ||| DROPPING scroll of butterflies.
   603 | D:1      | 603 ||| DROPPING 2 scrolls of noise.
   604 | D:1      | 604 ||| DROPPING scroll of blinking.
   623 | D:2      | 623 ||| FLEEEEING.
   624 | D:2      | 624 ||| STAIRDANCE
   639 | D:2      | Reached skill level 5 in Ranged Weapons
   798 | D:2      | Reached skill level 3 in Fighting
   835 | D:2      | Reached XP level 4. HP: 28/28 MP: 4/4
  1257 | D:2      | 1257 ||| UPGRADING to +0 helmet.
  1262 | D:2      | 1262 ||| UPGRADING to +0 pair of gloves.
  1267 | D:2      | 1267 ||| READING scroll of identify.
  1267 | D:2      | 1267 ||| IDENTIFYING scroll labelled LUG KAGEEM
  1268 | D:2      | 1268 ||| READING scroll labelled RYKACEKHARE.
  1269 | D:2      | 1269 ||| READING scroll labelled YNIUN XIQUSIEBBEC.
  1370 | D:2      | 1370 ||| DROPPING scroll of torment.
  1422 | D:3      | Found a shimmering blue altar of Sif Muna.
  1435 | D:3      | Found an ornate altar of the Wu Jian Council.
  1617 | D:3      | Found Inoqogia's Distillery.
  1625 | D:3      | 1625 ||| BUYING potion of curing (30 gold).
  1625 | D:3      | Bought a potion of curing for 30 gold pieces
  1625 | D:3      | 1625 ||| BUYING potion of curing (30 gold).
  1625 | D:3      | Bought a potion of curing for 30 gold pieces
  1625 | D:3      | 1625 ||| BUYING potion of curing (30 gold).
  1625 | D:3      | Bought a potion of curing for 30 gold pieces
  1625 | D:3      | 1625 ||| SHOPLISTING potion of curing (30 gold, have 15).
  1625 | D:3      | 1625 ||| SHOPLISTING potion of might (40 gold, have 15).
  1625 | D:3      | 1625 ||| SHOPLISTING potion of resistance (100 gold, have
                  | 15).
  1657 | D:3      | Found a sacrificial altar of Ru.
  1657 | D:3      | Found a shadowy altar of Dithmenos.
  1657 | D:3      | Found a basalt altar of Yredelemnul.
  1659 | D:3      | Found a hazy altar of Hepliaklqana.
  1661 | D:3      | Found a sparkling altar of Nemelex Xobeh.
  1662 | D:3      | Found a radiant altar of Vehumet.
  1778 | D:3      | Reached skill level 1 in Armour
  1778 | D:3      | 1778 ||| FLEEEEING.
  1849 | D:3      | Found a shimmering altar of Xom.
  1851 | D:3      | Found a shimmering altar of Xom.
  1855 | D:3      | Found a shimmering altar of Xom.
  1864 | D:3      | Found a shimmering altar of Xom.
  2278 | D:3      | 2278 ||| UPGRADING to +2 cloak.
  2283 | D:3      | 2283 ||| UPGRADING to amulet of the acrobat.
  2288 | D:3      | 2288 ||| DROPPING +6 ring of intelligence.
  2289 | D:3      | 2289 ||| READING scroll of identify.
  2289 | D:3      | 2289 ||| IDENTIFYING scroll labelled SODAHI NOBLAPO
  2290 | D:3      | 2290 ||| DROPPING scroll of poison.
  2367 | D:4      | Found a stormy altar of Qazlal.
  2443 | D:4      | Reached XP level 5. HP: 32/32 MP: 5/5
  2647 | D:4      | Reached skill level 6 in Ranged Weapons
  2940 | D:4      | 2940 ||| READING 2 scrolls of identify.
  2940 | D:4      | 2940 ||| IDENTIFYING bubbling grey potion
  2941 | D:4      | 2941 ||| DROPPING potion of ambrosia.
  3002 | D:5      | Entered Level 5 of the Dungeon
  3037 | D:5      | Reached XP level 6. HP: 38/38 MP: 6/6
  3177 | D:5      | 3177 ||| FLEEEEING.
  3339 | D:5      | Reached skill level 7 in Ranged Weapons
  3339 | D:5      | Reached XP level 7. HP: 43/43 MP: 7/7
  3357 | D:5      | 3357 ||| ZAPPING wand of flame (15) at 1,1 (black bear;
                  | floor).
  3434 | D:5      | 3434 ||| FLEEEEING.
  3444 | D:5      | 3444 ||| STAIRDANCE
  3489 | D:4      | 3489 ||| READING scroll of identify.
  3489 | D:4      | 3489 ||| IDENTIFYING smoky inky potion
  3674 | D:5      | Reached skill level 8 in Ranged Weapons
  3709 | D:5      | 3709 ||| FLEEEEING.
  3710 | D:5      | 3710 ||| FLEEEEING.
  3711 | D:5      | 3711 ||| FLEEEEING.
  3712 | D:5      | 3712 ||| FLEEEEING.
  3713 | D:5      | 3713 ||| FLEEEEING.
  3714 | D:5      | 3714 ||| FLEEEEING.
  3715 | D:5      | 3715 ||| FLEEEEING.
  3716 | D:5      | 3716 ||| FLEEEEING.
  3717 | D:5      | 3717 ||| FLEEEEING.
  3718 | D:5      | 3718 ||| FLEEEEING.
  3719 | D:5      | 3719 ||| FLEEEEING.
  3720 | D:5      | 3720 ||| FLEEEEING.
  3722 | D:5      | 3722 ||| FLEEEEING.
  3723 | D:5      | 3723 ||| FLEEEEING.
  3724 | D:5      | 3724 ||| FLEEEEING.
  3725 | D:5      | 3725 ||| FLEEEEING.
  3726 | D:5      | 3726 ||| FLEEEEING.
  3728 | D:5      | 3728 ||| FLEEEEING.
  3729 | D:5      | 3729 ||| FLEEEEING.
  3730 | D:5      | 3730 ||| FLEEEEING.
  3731 | D:5      | 3731 ||| FLEEEEING.
  3732 | D:5      | 3732 ||| FLEEEEING.
  3733 | D:5      | 3733 ||| FLEEEEING.
  3734 | D:5      | 3734 ||| FLEEEEING.
  3735 | D:5      | 3735 ||| FLEEEEING.
  3736 | D:5      | 3736 ||| FLEEEEING.
  3737 | D:5      | 3737 ||| FLEEEEING.
  3738 | D:5      | 3738 ||| FLEEEEING.
  3739 | D:5      | 3739 ||| FLEEEEING.
  3740 | D:5      | 3740 ||| FLEEEEING.
  3741 | D:5      | 3741 ||| FLEEEEING.
  3742 | D:5      | 3742 ||| FLEEEEING.
  3743 | D:5      | 3743 ||| FLEEEEING.
  3744 | D:5      | 3744 ||| FLEEEEING.
  3745 | D:5      | 3745 ||| FLEEEEING.
  3746 | D:5      | 3746 ||| FLEEEEING.
  3747 | D:5      | 3747 ||| FLEEEEING.
  3748 | D:5      | 3748 ||| FLEEEEING.
  3749 | D:5      | 3749 ||| FLEEEEING.
  3750 | D:5      | 3750 ||| STAIRDANCE
  3777 | D:4      | 3777 ||| UPGRADING to +1 pair of boots of rampaging.
  3782 | D:4      | 3782 ||| READING scroll labelled TEAXEVA QAZUER.
  4012 | D:6      | 4012 ||| PLANNING SEWER
  4050 | D:6      | 4050 ||| FLEEEEING.
  4051 | D:6      | 4051 ||| STAIRDANCE
  4095 | D:6      | Reached XP level 8. HP: 36/49 MP: 8/8
  4095 | D:6      | 4095 ||| STAIRDANCE
  4181 | D:6      | 4181 ||| RETREEEEATING.
  4182 | D:6      | 4182 ||| RETREEEEATING.
  4183 | D:6      | 4183 ||| RETREEEEATING.
  4184 | D:6      | 4184 ||| RETREEEEATING.
  4185 | D:6      | 4185 ||| RETREEEEATING.
  4186 | D:6      | 4186 ||| RETREEEEATING.
  4187 | D:6      | 4187 ||| RETREEEEATING.
  4188 | D:6      | 4188 ||| RETREEEEATING.
  4189 | D:6      | 4189 ||| RETREEEEATING.
  4190 | D:6      | 4190 ||| RETREEEEATING.
  4214 | D:6      | 4214 ||| FLEEEEING.
  4567 | D:6      | Found a burning altar of Makhleb.
  4691 | D:6      | 4691 ||| RIP SEWER
  4702 | D:6      | 4702 ||| PLANNING D:1-11
  4722 | D:6      | 4722 ||| READING 2 scrolls of identify.
  4722 | D:6      | 4722 ||| IDENTIFYING fuming orange potion
  4723 | D:6      | 4723 ||| READING scroll of identify.
  4723 | D:6      | 4723 ||| IDENTIFYING fizzy cyan potion
  4724 | D:6      | 4724 ||| READING scroll labelled JAOLERH MAEBB.
  4725 | D:6      | 4725 ||| DROPPING potion of degeneration.
  4726 | D:6      | 4726 ||| DROPPING potion of invisibility.
  4876 | D:7      | Noticed a dream sheep
  4878 | D:7      | Noticed a dream sheep
  4879 | D:7      | 4879 ||| RETREEEEATING.
  4880 | D:7      | Killed a dream sheep
  4881 | D:7      | Reached skill level 9 in Ranged Weapons
  4881 | D:7      | Noticed a dream sheep
  4883 | D:7      | Killed a dream sheep
  4884 | D:7      | Reached skill level 6 in Fighting
  4884 | D:7      | Noticed a dream sheep
  4890 | D:7      | Killed a dream sheep
  4891 | D:7      | Reached skill level 10 in Ranged Weapons
  4891 | D:7      | Reached XP level 9. HP: 56/56 MP: 9/9
  4897 | D:7      | Reached skill level 3 in Dodging
  5034 | D:7      | Reached skill level 3 in Armour
  5045 | D:7      | 5045 ||| FLEEEEING.
  5173 | D:7      | Identified the +2 long sword "Isupp" {venom, Stlth+}
  5400 | D:7      | 5400 ||| RETREEEEATING.
  5422 | D:7      | 5422 ||| FLEEEEING.
  5539 | D:7      | Found a staircase to the Ecumenical Temple.
  5540 | D:7      | 5540 ||| PLANNING TEMPLE
  5540 | D:7      | 5540 ||| UPGRADING to +0 ring mail.
  5550 | D:7      | 5550 ||| DROPPING +0 leather armour.
  5551 | D:7      | 5551 ||| UPGRADING to +1 leather armour of fire resistance.
  5561 | D:7      | 5561 ||| DROPPING +0 ring mail.
  5562 | D:7      | 5562 ||| READING scroll of identify.
  5562 | D:7      | 5562 ||| IDENTIFYING gluggy clear potion
  5563 | D:7      | 5563 ||| DROPPING wand of flame (14).
  5572 | Temple   | Entered the Ecumenical Temple
  5573 | Temple   | 5573 ||| PLANNING OKAWARU WORSHIP
  5616 | Temple   | Became a worshipper of Warmaster Okawaru
  5617 | Temple   | 5617 ||| PLANNING D:1-11
  5690 | D:8      | 5690 ||| STAIRDANCE
  5701 | D:8      | 5701 ||| STAIRDANCE
  5710 | D:8      | 5710 ||| STAIRDANCE
  5715 | D:7      | 5715 ||| FLEEEEING.
  5770 | D:8      | 5770 ||| STAIRDANCE
  5791 | D:7      | 5791 ||| FLEEEEING.
  5975 | D:8      | 5975 ||| FLEEEEING.
  6215 | D:8      | 6215 ||| RETREEEEATING.
  6229 | D:8      | Reached skill level 11 in Ranged Weapons
  6242 | D:8      | Reached * piety under Okawaru
  6260 | D:8      | Reached skill level 1 in Invocations
  6268 | D:8      | 6268 ||| FLEEEEING.
  6438 | D:8      | 6438 ||| RETREEEEATING.
  6441 | D:8      | Reached XP level 10. HP: 56/64 MP: 10/12
  6454 | D:8      | Reached skill level 3 in Invocations
  6460 | D:8      | 6460 ||| FLEEEEING.
  6466 | D:8      | 6466 ||| STAIRDANCE
  6508 | D:7      | 6508 ||| READING scroll labelled BIUSCH CYRO.
  6509 | D:7      | 6509 ||| FLEEEEING.
  6512 | D:7      | 6512 ||| STAIRDANCE
  6845 | D:9      | Reached ** piety under Okawaru
  6856 | D:9      | 6856 ||| FLEEEEING.
  6936 | D:9      | 6936 ||| FLEEEEING.
  6944 | D:9      | 6944 ||| STAIRDANCE
  7090 | D:9      | 7090 ||| FLEEEEING.
  7134 | D:9      | Identified the +8 dagger of the Present {pain, rC- Str+6}
  7156 | D:9      | Found Poefo's Antique Armour Boutique.
  7161 | D:9      | 7161 ||| BUYING runed ring mail (161 gold).
  7161 | D:9      | Bought a runed ring mail for 161 gold pieces
  7161 | D:9      | 7161 ||| BUYING runed robe (85 gold).
  7161 | D:9      | Bought a runed robe for 85 gold pieces
  7193 | D:9      | Found a staircase to the Lair.
  7218 | D:9      | Reached skill level 12 in Ranged Weapons
  7294 | D:9      | 7294 ||| RETREEEEATING.
  7299 | D:9      | 7299 ||| FLEEEEING.
  7426 | D:9      | 7426 ||| FLEEEEING.
  7553 | D:9      | 7553 ||| RETREEEEATING.
  7560 | D:9      | 7560 ||| RETREEEEATING.
  7561 | D:9      | 7561 ||| RETREEEEATING.
  7562 | D:9      | 7562 ||| RETREEEEATING.
  7563 | D:9      | 7563 ||| RETREEEEATING.
  7565 | D:9      | 7565 ||| RETREEEEATING.
  7566 | D:9      | 7566 ||| RETREEEEATING.
  7567 | D:9      | 7567 ||| RETREEEEATING.
  7600 | D:9      | Reached *** piety under Okawaru
  7601 | D:9      | 7601 ||| FLEEEEING.
  7963 | D:9      | 7963 ||| PLANNING LAIR
  7963 | D:9      | 7963 ||| UPGRADING to +4 ring mail of fire resistance.
  7973 | D:9      | 7973 ||| DROPPING +1 leather armour of fire resistance.
  7974 | D:9      | 7974 ||| DROPPING +2 robe of willpower.
  7975 | D:9      | 7975 ||| READING 2 scrolls of identify.
  7975 | D:9      | 7975 ||| IDENTIFYING murky inky potion
  7976 | D:9      | 7976 ||| READING scroll of identify.
  7976 | D:9      | 7976 ||| IDENTIFYING bubbling blue potion
  7977 | D:9      | 7977 ||| DROPPING potion of attraction.
  8026 | Lair:1   | Entered Level 1 of the Lair of Beasts
  8051 | Lair:1   | 8051 ||| RETREEEEATING.
  8052 | Lair:1   | 8052 ||| RETREEEEATING.
  8076 | Lair:1   | HP: 15/64 [wolf (6)]
  8077 | Lair:1   | 8077 ||| DRINKING potion of heal wounds.
  8087 | Lair:1   | 8087 ||| FLEEEEING.
  8093 | Lair:1   | 8093 ||| STAIRDANCE
  8216 | Lair:1   | Noticed an elephant
  8217 | Lair:1   | 8217 ||| INVOKING Heroism.
  8217 | Lair:1   | Noticed an elephant
  8217 | Lair:1   | Noticed an elephant
  8218 | Lair:1   | 8218 ||| RETREEEEATING.
  8237 | Lair:1   | 8237 ||| INVOKING Heroism.
  8239 | Lair:1   | Killed an elephant
  8240 | Lair:1   | Noticed a death yak
  8241 | Lair:1   | Noticed a death yak
  8242 | Lair:1   | 8242 ||| RETREEEEATING.
  8243 | Lair:1   | 8243 ||| RETREEEEATING.
  8244 | Lair:1   | Noticed a death yak
  8245 | Lair:1   | 8245 ||| RETREEEEATING.
  8246 | Lair:1   | 8246 ||| RETREEEEATING.
  8250 | Lair:1   | 8250 ||| RETREEEEATING.
  8257 | Lair:1   | 8257 ||| RETREEEEATING.
  8260 | Lair:1   | 8260 ||| RETREEEEATING.
  8265 | Lair:1   | 8265 ||| INVOKING Heroism.
  8265 | Lair:1   | Noticed a death yak
  8267 | Lair:1   | HP: 8/64 [death yak (16)]
  8267 | Lair:1   | Noticed a death yak
  8268 | Lair:1   | Slain by a death yak

Levels and vault maps discovered:
D:1:      eino_arrival_druids_welcome, layout_basic,
          ebering_ecumenical_altar_ruins
D:2:      layout_loops_ring, nicolae_underground_beach
D:3:      layout_loops_corners, xom_redecorated, minitemple, serial_shops, shop
D:4:      layout_loops_ring, nicolae_overflow_crystal_walls
D:5:      layout_gridville
D:6:      layout_rooms, makhleb_grotto_becter,
          mainiacjoe_sewer_entry_somewhere_in_here_2
D:7:      layout_basic, minmay_temple_entry_mist, dreamdust_gnoll_shepherd
D:8:      layout_rooms
D:9:      layout_loops_cross, dpeg_oklobed_lair, serial_shops, shop,
          serial_bayou, serial_bayou_lake_a, serial_bayou_pond_e,
          serial_bayou_shore_b, serial_bayou_pond_d, serial_bayou_shore_b
Temple:   grunt_temple_mini_profane
Lair:1:   layout_regular_city, nicolae_volcano_entry_s_turn

Skill      XL: |  1  2  3  4  5  6  7  8  9 10 |
---------------+-------------------------------+-----
Ranged Weapons | 5 6 7 8 10 11 12 | 12.5
Fighting       | 3 4 5 6 8 |  8.1
Armour         | 1 2 3 5 |  5.3
Dodging        | 2 3 4 |  4.0
Invocations    | 2 4 |  4.0
Stealth        | |  1.1

Action                     |  1- 3 |  4- 6 |  7- 9 | 10-12 || total
---------------------------+-------+-------+-------+-------++-------
   Fire: Shortbow          |   111 |   161 |   440 |   320 ||  1032
 Invoke: Heroism           |       |       |       |     3 ||     3
  Evoke: Wand              |       |       |     1 |       ||     1
    Use: Scroll            |     2 |     5 |     6 |     3 ||    16
         Potion            |       |       |       |     1 ||     1
 Armour: Leather armour    |    25 |    38 |   216 |   106 ||   385
         Ring mail         |       |       |       |    87 ||    87
  Dodge: Dodged            |    30 |    53 |   195 |   153 ||   431

Table legend:
 A = Non-vault XP
 B = Vault XP
 C = Vault XP percentage of total XP
 D = Non-vault monster count
 E = Vault monster count
 F = Vault count percentage of total count
                 A         B        C        D         E       F
            +---------+---------+-------+---------+---------+-------
      Total |    7217 |    1090 |  13.1 |     175 |       7 |   3.8
            +---------+---------+-------+---------+---------+-------
        D:1 |      34 |       0 |   0.0 |      19 |       0 |   0.0
        D:2 |      73 |       0 |   0.0 |      23 |       0 |   0.0
        D:3 |      35 |       0 |   0.0 |       8 |       0 |   0.0
        D:4 |     124 |       0 |   0.0 |      13 |       0 |   0.0
        D:5 |     831 |       0 |   0.0 |      20 |       0 |   0.0
        D:6 |     389 |      48 |  11.0 |      16 |       2 |  11.1
        D:7 |     883 |    1042 |  54.1 |      21 |       5 |  19.2
        D:8 |    2090 |       0 |   0.0 |      18 |       0 |   0.0
        D:9 |    1868 |       0 |   0.0 |      32 |       0 |   0.0
     Lair:1 |     890 |       0 |   0.0 |       5 |       0 |   0.0
            +---------+---------+-------+---------+---------+-------
